 Dungeon Crawl Stone Soup version 0.23.1-41-g7e51ed32d8 (webtiles) character file.

Game seed: 4367257061532449441

180 Norn the Ruffian (level 5, -2/45 HPs)
             Began as a Draconian Transmuter on Mar 30, 2019.
             Slain by a centaur
             ... wielding a +0 dagger
              (7 damage)
             ... on level 2 of the Dungeon.
             The game lasted 00:07:41 (2806 turns).

Norn the Ruffian (Draconian Transmuter)             Turns: 2806, Time: 00:07:41

Health: -2/45      AC:  2    Str: 13    XL:     5   Next: 33%
Magic:  3/8        EV: 19    Int: 14    God:
Gold:   97         SH:  0    Dex: 16    Spells: 2/8 levels left

rFire    . . .     SeeInvis .     - Unarmed
rCold    . . .     Gourm    .   (shield currently unavailable)
rNeg     . . .     Faith    .   (armour unavailable)
rPois    x         Spirit   .   (helmet currently unavailable)
rElec    .         Reflect  .   (cloak currently unavailable)
rCorr    .         Harm     .   (gloves currently unavailable)
MR       .....                  (boots currently unavailable)
Stlth    +.........             (no amulet)
HPRegen  0.15/turn              (no ring)
MPRegen  0.11/turn              (no ring)

@: spider-form (expiring), very slightly contaminated
A: tiny, unfitting armour, AC +5
a: End Transformation


You were on level 2 of the Dungeon.
You were not hungry.
You were a venomous arachnid creature.
You visited 1 branch of the dungeon, and saw 2 of its levels.

You collected 97 gold pieces.

Inventory:

Missiles
 a - 33 arrows
 n - 9 poisoned needles
 q - 15 stones (quivered)
Jewellery
 c - an uncursed ring of stealth {unknown}
   (You found it on level 1 of the Dungeon)
 d - a +5 ring of intelligence {unknown}
   (You found it on level 1 of the Dungeon)
 k - an uncursed ring of ice {unknown}
   (You found it on level 1 of the Dungeon)
Scrolls
 b - a scroll of fog {unknown}
 f - 2 scrolls of noise {unknown}
 h - 6 scrolls of identify {unknown}
 l - 2 scrolls of teleportation {unknown}
 o - a scroll of magic mapping {unknown}
Potions
 g - 2 potions of heal wounds {unknown}
 i - a potion of curing {@q1}
 j - a potion of cancellation {unknown}
 m - a potion of haste {unknown}
 p - a potion of ambrosia {unknown}
Comestibles
 e - 4 rations {!d}


   Skills:
 + Level 3.3 Fighting
 - Level 1.7 Dodging
 - Level 5.0 Unarmed Combat
 + Level 2.1 Spellcasting
 * Level 2.4 Transmutations


You had 2 spell levels left.
You knew the following spells:

 Your Spells              Type           Power        Failure   Level  Hunger
a - Beastly Appendage     Tmut           #.....       22%         1    ##.....
s - Sticks to Snakes      Tmut           #.......     30%         2    ###....
x - Spider Form           Tmut/Pois      #.........   61%         3    ####...

Your spell library contained the following spells:

 Spells                   Type           Power        Failure   Level  Hunger
 Ice Form                 Ice/Tmut       #.......     92%         4    #####..
 Blade Hands              Tmut           #.........   98%         5    ######.


Dungeon Overview and Level Annotations

Branches:
Dungeon (2/15)

Altars:
Dithmenos
Trog


Innate Abilities, Weirdness & Mutations

((Your plain brown scales are hard. (AC +5)))
You cannot fit into any form of body armour.
((You are cold-blooded and may be slowed by cold attacks.))


Message History

The gnoll completely misses you.
You bite the gnoll!
The gnoll looks as sick as possible!
You kill the gnoll!
Things that are here:
a +0 spear; a +0 leather armour You see here 15 stones.
q - 15 stones Your transformation has ended.
There is an open door here.
Found a bloodstained altar of Trog.
The adder hisses angrily.
The adder is too close now for your liking.
An adder is nearby!
You miscast Spider Form.
You are very lightly contaminated with residual magic.
Waves of light ripple over your body.
The centaur shouts!
The centaur shoots an arrow.
The arrow hits you! The adder barely misses you.
There is an open door here.
The centaur shoots an arrow.
The arrow barely misses you.
You see here an arrow.
You turn into a venomous arachnid creature.
The adder bites you. The adder misses you.
You hit the adder.
The adder is poisoned.
The adder bites you.
You hit the adder.
The adder looks as sick as possible!
You kill the adder!
The centaur shoots an arrow.
The arrow hits you!
* * * LOW HITPOINT WARNING * * *
Your transformation is almost over.
The centaur shoots an arrow.
The arrow hits you!
* * * LOW HITPOINT WARNING * * *
There is an open door here.
Things that are here:
an arrow; an adder corpse
Okay, then.
The centaur unwields a +0 shortbow.
The centaur wields a +0 dagger.
The centaur closely misses you.
You feel better.
The centaur hits you but does no damage.
The centaur hits you with a +0 dagger.
* * * LOW HITPOINT WARNING * * *
You bite the centaur!
The centaur is poisoned.
The centaur completely misses you.
You hit the centaur but do no damage.
The centaur looks as sick as possible!
The centaur hits you with a +0 dagger.
* * * LOW HITPOINT WARNING * * *
The centaur closely misses you.
You hit the centaur but do no damage.
The centaur looks as sick as possible!
The centaur hits you with a +0 dagger!
You die...

#.# #.........#####.###.# #.#
########.## #g###.# #.# #.#
#.##..# ########.#### #.# #.##.##
...##.....).# ##'## #......
.#.##.##.##)# ##...## ####.##
÷#.##.##.##.# ##.....## #.#
.#.##.##....# ##.....<.## ##÷##
.#.##.###...####sc.......####...#
......).......((.........'.......
.#.##.......####.........####...#
.#.######..## ##.......## ##.##
...# #.## ##.....## #.# #### #.#
##...## #.# #.# ##'## #.. #.# #.#
#.. #.# #.. #.##


You could see a centaur.

Vanquished Creatures
  Terence (D:2)
  7 adders (D:2)
  4 gnolls (D:2)
  3 worms (D:2)
  A dart slug (D:2)
  A leopard gecko (D:1)
  A giant cockroach (D:1)
  4 goblins (D:1)
  5 hobgoblins
  8 jackals (D:1)
  A quokka (D:2)
  3 bats
  2 frilled lizards (D:1)
  3 kobolds (D:1)
  7 rats
51 creatures vanquished.

Vanquished Creatures (others)
  4 toadstools (D:1)
4 creatures vanquished.

Grand Total: 55 creatures vanquished

Notes
Turn   | Place    | Note
-------+----------+-------------------------------------------
     0 | D:1      | Norn the Draconian Transmuter began the quest for the Orb.
     0 | D:1      | Reached XP level 1. HP: 16/16 MP: 3/3
   114 | D:1      | Reached XP level 2. HP: 23/23 MP: 3/5
   123 | D:1      | Learned a level 2 spell: Sticks to Snakes
   329 | D:1      | HP: 1/24 [jackal (1)]
   991 | D:1      | Reached XP level 3. HP: 28/29 MP: 4/6
  1134 | D:2      | Noticed a centaur
  1305 | D:1      | Learned a level 3 spell: Spider Form
  1401 | D:2      | Reached skill level 4 in Unarmed Combat
  1464 | D:1      | Reached XP level 4. HP: 10/37 MP: 5/7
  1843 | D:2      | Noticed Terence
  1855 | D:2      | Killed Terence
  2113 | D:2      | Found a shadowy altar of Dithmenos.
  2139 | D:2      | Reached skill level 5 in Unarmed Combat
  2139 | D:2      | Reached XP level 5. HP: 45/45 MP: 1/8
  2788 | D:2      | Found a bloodstained altar of Trog.
  2806 | D:2      | Slain by a centaur

Skill      XL: |  1  2  3  4 |
---------------+-------------+-----
Fighting       | 2 3 |  3.3
Unarmed Combat | 4 5 |  5.0
Dodging        | |  1.7
Spellcasting   | |  2.1
Transmutations | |  2.4

Action                   |  1- 3 |  4- 6 || total
-------------------------+-------+-------++-------
Melee: Unarmed           |   123 |    67 ||   190
       Tailslap          |    10 |     3 ||    13
       Kick              |     3 |     1 ||     4
       Headbutt          |     5 |     1 ||     6
       Punch             |     3 |     1 ||     4
 Cast: Beastly Appendage |    13 |     3 ||    16
       Sticks to Snakes  |     3 |       ||     3
       Spider Form       |     1 |     7 ||     8
  Use: Potion            |     1 |     1 ||     2
 Stab: Sleeping          |     1 |     1 ||     2
  Eat: Chunk             |     2 |     6 ||     8
Armor: Skin              |    30 |    23 ||    53
Dodge: Dodged            |    71 |    54 ||   125
